 Dungeon Crawl Stone Soup version 0.32-a0-422-g28b100f618 (webtiles) character file.

Game seed: 9151531547487171631

6 shadowstone the Firebug (level 1, 0/14 HPs)
             Began as a Mountain Dwarf Fire Elementalist on Feb 21, 2024.
             Slain by a hobgoblin (2 damage)
             ... on level 1 of the Dungeon.
             The game lasted 00:00:30 (380 turns).

shadowstone the Firebug (MDFE)                       Turns: 380, Time: 00:00:30

Health: 0/14       AC:  2    Str: 10    XL:     1   Next: 75%
Magic:  0/3        EV: 11    Int: 15    God:
Gold:   0          SH:  0    Dex: 10    Spells: 2/3 levels left

rFire   . . .        d - +0 morningstar
rCold   . . .        (no shield)
rNeg    . . .        a - +0 robe
rPois   .            (no helmet)
rElec   .            (no cloak)
rCorr   .            (no gloves)
SInv    .            (no boots)
Will    .....        (no amulet)
Stlth   ++           (no ring)
HPRegen 0.22/turn    (no ring)
MPRegen 0.08/turn

%: no passive effects
@: no status effects
A: runic magic, artefact enchanting
a: no special abilities


You were on level 1 of the Dungeon.
You visited 1 branch of the dungeon, and saw 1 of its levels.

Inventory:

Hand Weapons
 d - a +0 morningstar (weapon)
Armour
 a - a +0 robe (worn)
Scrolls
 c - a scroll of identify {unknown}
Potions
 b - a potion of magic


   Skills:
 + Level 0.8 Maces & Flails
 + Level 1.4 Dodging
 + Level 1.4 Stealth
 + Level 1.8 Spellcasting
 + Level 0.8 Conjurations
 + Level 3.9 Fire Magic


You had 2 spell levels left.
You knew the following spells:

 Your Spells              Type           Power      Damage    Failure   Level
a - Foxfire               Conj/Fire      32%        2x1d5     9%          1

Your spell library contained the following spells:

 Spells                   Type           Power      Damage    Failure   Level
 Scorch                   Fire           26%        2d6       7%          2
 Inner Flame              Hex/Fire       7%         N/A       30%         3
 Volatile Blastmotes      Fire/Tloc      14%        2d11      30%         3
 Flame Wave               Conj/Fire      8%         2d5       63%         4


Dungeon Overview and Level Annotations

Branches:
Dungeon (1/15)

Altars:


Innate Abilities, Weirdness & Mutations

Your spellcasting is much less encumbered by armour.
You can use scrolls of enchantment on lesser artefacts.


Message History

The endoplasm jiggles. 2 hobgoblins come into view.
The rat squeaks loudly.
The hobgoblin shouts!
You miscast Foxfire.
You are very lightly contaminated with residual magic.
Nothing appears to happen.
You conjure some foxfire!
The bat hits you but does no damage. The endoplasm freezes you.
You are frozen.
The foxfire hits the bat.
The bat is moderately wounded.
The foxfire hits the endoplasm.
The endoplasm is moderately wounded.
The bat hits you but does no damage. The endoplasm barely misses you.
The bat hits you.
You conjure some foxfire!
The foxfire hits the bat.
You kill the bat!
The endoplasm hits you.
You barely miss the endoplasm.
The endoplasm is moderately wounded.
The foxfire hits the endoplasm.
The endoplasm is almost dead.
The rat bites you. The endoplasm closely misses you. The rat bites you.
* * * LOW HITPOINT WARNING * * *
The endoplasm freezes you.
You are frozen.
* * * LOW HITPOINT WARNING * * *
You are too injured to fight recklessly!
You puncture the endoplasm!
You kill the endoplasm!
The rat bites you but does no damage. The hobgoblin closely misses you.
The hobgoblin hits you.
* * * LOW HITPOINT WARNING * * *
Your magical contamination has completely faded away.
You puncture the hobgoblin!
You kill the hobgoblin!
The rat bites you.
* * * LOW HITPOINT WARNING * * *
The hobgoblin hits you.
You die...

#. #.<.## #.##...#
...... #.##.##
#....##### #''###
#.......$# #..#
#.#.#......#
##.####.#........#
#.....#..........
#.....###r...#####
+.......@.........
#.....###g........
#.....# ####......
#.....# ....>.
#.....# .....
####### ..... ....
....


You could see a hobgoblin and a rat.

Vanquished Creatures
  A bat (D:1)
  An endoplasm (D:1)
  A giant cockroach (D:1)
  A hobgoblin (D:1)
4 creatures vanquished.

Vanquished Creatures (others)
  4 foxfires (D:1)
4 creatures vanquished.

Grand Total: 8 creatures vanquished

Notes
Turn   | Place    | Note
-------+----------+-------------------------------------------
     0 | D:1      | shadowstone the Mountain Dwarf Fire Elementalist began the
                  | quest for the Orb.
     0 | D:1      | Reached XP level 1. HP: 14/14 MP: 3/3
   380 | D:1      | Slain by a hobgoblin

Illustrated notes

Levels and vault maps discovered:
D:1:      saegor_arrival_simple_e, layout_basic, serial_shops, shop,
          minmay_door_square, nrook_loot_triangle, minmay_tall_x

Action                     || total
---------------------------++-------
  Melee: Unarmed           ||     9
         Morningstar       ||     3
         Punch             ||     1
   Cast: Foxfire           ||     3
 Armour: Robe              ||    15
  Dodge: Dodged            ||     9

Table legend: (Time is in decaauts)
 A = Elapsed time spent in this place.
 B = Non-inter-level travel time spent in this place.
 C = Inter-level travel time spent in this place.
 D = Time resting spent in this place.
 E = Time spent auto-exploring this place.
 F = Levels seen in this place.
 G = Mean time per level.
                   A        B        C        D        E       F      G
               +--------+--------+--------+--------+--------+-----+--------+
         Total |    380 |    380 |      0 |    322 |     11 |   1 |  380.0 |
       Dungeon |    380 |    380 |      0 |    322 |     11 |   1 |  380.0 |
               +--------+--------+--------+--------+--------+-----+--------+

Top non-repeatable levels by time:
     D:1: 380 daAuts
